Map: 아크로폴리스 - 래더

Players

soO - Winner!

  • Race: Zerg Zerg
  • League: Master
  • Spawn Location: 11:00

llllllllllll (Stats)

  • Race: Protoss Protoss
  • League: Master
  • Spawn Location: 5:00

Event: HomeStory Cup XX

VOD

Have the link to the VOD?

Description

Time

  • Played on: Nov. 22, 2019, 4:09 a.m.
  • Length: 5:54

All games in this series

Show
View Real Time Build Order
Export as new Build Order

soO Zerg - Winner!

Build Orders: Pool First 

Get SALT Encoding   

  12  0:17  Spawning Pool  
  11  0:21  Drone  
  11  0:25  Drone  
  13  0:30  Drone  
  14  0:39  Overlord  
  14  1:03  Zergling x4  
  16  1:05  Zergling x2  
  17  1:15  Zergling x2  
  17  1:17  Hatchery  
  17  1:27  Zergling x2  
  18  1:33  Queen  
  18  1:39  Drone  
  21  1:48  Overlord  
  21  2:00  Drone  
  22  2:11  Queen  
  24  2:17  Drone  
  24  2:20  Drone  
  22  2:31  Queen, Drone x2  
  26  2:41  Drone  
  26  2:42  Drone  
  26  2:43  Extractor  
  27  2:46  Drone x2  
  28  2:54  Zergling x2  
  29  3:02  Hatchery  
  29  3:04  Drone  
  29  3:07  Drone  
  29  3:12  Drone x2  
  32  3:18  Overlord  
  32  3:23  Drone x2  
  35  3:27  Drone  
  35  3:29  Drone  
  36  3:38  Spore Crawler  
  36  3:39  Drone  
  36  3:40  Drone x2  
  38  3:49  Metabolic Boost  
  38  3:50  Drone x2  
  38  3:51  Drone  
  38  3:53  Overlord  
  41  3:58  Drone x3  
  44  4:05  Overlord  
  44  4:10  Queen  
  44  4:14  Zergling x8  
  50  4:19  Drone, Baneling Nest  
  50  4:21  Drone  
  51  4:24  Spore Crawler  
  51  4:26  Drone x2  
  52  4:33  Drone  
  52  4:34  Drone x2  
  52  4:35  Spore Crawler, Drone  
  52  4:37  Drone  
  56  4:40  Drone x2  
  58  4:47  Spore Crawler, Drone  
  58  4:49  Drone  
  58  4:50  Overlord  
  59  4:56  Drone  
  59  4:57  Drone  
  60  5:00  Zergling x10  
  60  5:05  Zergling x4  
  60  5:06  Overlord  
  66  5:09  Overlord  
  66  5:14  Baneling x4  
  66  5:15  Baneling x3  
  66  5:18  Zergling x8  
  66  5:20  Drone  
  71  5:23  Drone  
  71  5:24  Drone x2  
  71  5:25  Extractor, Drone x2  
  71  5:26  Extractor, Drone  
  75  5:29  Drone x2  
  77  5:40  Drone  
  77  5:41  Drone x2  
Show
View Real Time Build Order
Export as new Build Order

llllllllllll Protoss 

Build Orders: 1 Gate Expand, Oracle Opening 

Get SALT Encoding   

  12  0:00  Probe  
  13  0:12  Probe  
  14  0:20  Pylon  
  14  0:25  Probe  
  15  0:28  Assimilator  
  15  0:35  Probe  
  16  0:43  Probe  
  16  0:45  Gateway  
  17  0:52  Probe  
  18  1:04  Probe  
  19  1:16  Probe  
  20  1:23  Nexus  
  20  1:32  Cybernetics Core  
  20  1:34  Probe  
  21  1:40  Assimilator  
  21  1:47  Probe  
  22  1:49  Pylon  
  22  1:59  Probe  
  23  2:13  Pylon  
  22  2:26  Adept  
  22  2:27  Probe  
  17  2:46  Probe  
  17  2:51  Probe  
  17  2:55  Probe  
  18  3:00  Probe  
  18  3:03  Probe  
  20  3:08  Probe  
  22  3:13  Probe  
  23  3:20  Stargate  
  23  3:23  Probe  
  23  3:25  Probe  
  24  3:31  Probe  
  24  3:33  Adept  
  28  3:41  Probe  
  28  3:42  Probe  
  28  3:49  Probe  
  28  3:52  Warp Gate  
  28  3:54  Probe  
  30  3:56  Oracle  
  30  3:57  Probe  
  31  4:06  Probe  
  31  4:09  Probe  
  36  4:12  Adept  
  38  4:18  Probe  
  38  4:21  Probe  
  38  4:23  Pylon  
  40  4:30  Probe  
  41  4:31  Oracle  
  41  4:34  Probe  
  45  4:43  Probe  
  46  4:46  Probe  
  46  4:47  Pylon  
  46  4:49  Stalker  
  49  5:00  Probe x2  
  49  5:06  Assimilator x2  
  51  5:12  Probe x2  
  52  5:17  Pylon  
  52  5:24  Probe x2  
  54  5:29  Gateway  
  54  5:31  Gateway  
  54  5:36  Probe x2  
  54  5:40  Stalker  
Tags
 
Add a new tag
Caveats
  • Supply blocks, unpowered buildings, or Contaminate may cause inaccurate times.
  • Supply counts are checked every 10 seconds.